[Event "Titled Tuesday Blitz April 11 Late 2023"]
[White "Deac, Bogdan-Daniel"]
[Black "Vachier-Lagrave, Maxime"]
[WhiteFideId "1226380"]
[BlackFideId "623539"]
[WhiteElo "2649"]
[BlackElo "2740"]
[Result "0-1"]
[Round "08"]
[TimeControl "180+2"]
[Date "2023.04.11"]
[WhiteClock "0:00:03"]
[BlackClock "0:01:03"]

1. e4 c6 2. Nf3 d5 3. Nc3 dxe4 4. Nxe4 Nf6 5. Qe2 Nxe4 6. Qxe4 Qa5 7. Qe3 Bf5 8. c3 e6 9. d4 Nd7 10. Be2 Bd6 11. Nd2 Nb6 12. Nb3 Qa4 13. O-O O-O 14. Qf3 Rfe8 15. Bf4 Bf8 16. Nc5 Bxc5 17. dxc5 Nd5 18. Bd6 Nf6 19. b3 Qe4 20. Rad1 Rad8 21. c4 Qc2 22. Qe3 Qe4 23. Qd2 e5 24. f3 Qh4 25. Qe1 Qh6 26. Qd2 Qg6 27. Qe3 e4 28. f4 h5 29. h3 h4 30. Kh2 Nh5 31. Bxh5 Qxh5 32. Rd2 Re6 33. Be5 Rxd2 34. Qxd2 Rg6 35. Re1 Rg3 36. Re3 Qg6 37. Qf2 Rxe3 38. Qxe3 Qh5 39. Qd2 Kh7 40. Bc3 f6 41. Qf2 a6 42. Be1 Kg8 43. Qxh4 Qd1 44. Qf2 Qd3 45. Bd2 Be6 46. Be3 Bf5 47. Bd4 a5 48. Qe3 Qd1 49. Bc3 a4 50. bxa4 Qxa4 51. Qd4 Qxa2 52. Qd8+ Kf7 53. Qc7+ Kg6 54. Qxb7 Qxc4 55. Qb4 Qe2 56. Qb2 Qe3 57. Qd2 Qxc5 58. Bd4 Qd6 59. Be3 Qa3 60. g4 Bc8 61. f5+ Kh7 62. Qd4 Qa2+ 63. Kg3 Qb1 64. h4 Qh1 65. g5 Qf3+ 66. Kh2 Bxf5 67. gxf6 Qh3+ 68. Kg1 Qg3+ 69. Kf1 Qf3+ 70. Ke1 Bg4 71. Kd2 gxf6 72. Qc5 Qe2+ 73. Kc3 Qd3+ 74. Kb2 Qb5+ 75. Qxb5 cxb5 76. Kc3 Be2 77. Kb4 Bd3 78. h5 Be2 79. Kc5 f5 80. h6 Bc4 81. Kb4 Kg6 82. Kc5 Bg8 83. Kxb5 Kh5 84. Kb4 Kg4 85. Kc3 f4 86. Bd4 e3 87. Kc2 Kf3 88. Kd1 Kf2 89. Kc2 Bh7+ 90. Kc3 Ke2 0-1


[Site "https://www.chess.com"]

[Event "Titled Tuesday Blitz April 11 Late 2023"]
[White "Bakalchuk, Johnatan"]
[Black "Sarana, Alexey"]
[WhiteFideId "2810301"]
[BlackFideId "24133795"]
[WhiteElo "2450"]
[BlackElo "2714"]
[Result "1-0"]
[Round "08"]
[TimeControl "180+2"]
[Date "2023.04.11"]
[WhiteClock "0:00:49"]
[BlackClock "0:00:02"]

1. e4 c5 2. Nf3 d6 3. d4 cxd4 4. Nxd4 Nf6 5. Nc3 a6 6. Be2 e5 7. Nb3 Be7 8. Bg5 Nbd7 9. a4 h6 10. Bh4 O-O 11. O-O Qc7 12. Nd2 Nc5 13. Bxf6 Bxf6 14. Nc4 Be6 15. Qxd6 Qxd6 16. Nxd6 Rfd8 17. Rfd1 Kf8 18. b4 Nd7 19. a5 Be7 20. Na4 Rab8 21. Rd2 Nf6 22. Rad1 Bxd6 23. Rxd6 Rxd6 24. Rxd6 Nxe4 25. Rb6 Bd5 26. Bxa6 Rc8 27. Bd3 Nf6 28. Nc5 e4 29. Bb5 Rc7 30. c4 Ke7 31. cxd5 Nxd5 32. Rxb7 Kd6 33. Nxe4+ 1-0


[Site "https://www.chess.com"]

[Event "Titled Tuesday Blitz April 11 Late 2023"]
[White "Zhigalko, Sergei"]
[Black "Mortazavi, Ali"]
[WhiteFideId "13502956"]
[BlackFideId "401323"]
[WhiteElo "2626"]
[BlackElo "2339"]
[Result "1-0"]
[Round "08"]
[TimeControl "180+2"]
[Date "2023.04.11"]
[WhiteClock "0:00:31"]
[BlackClock "0:00:02"]

1. e4 c6 2. d4 d5 3. e5 Bf5 4. Nf3 e6 5. Be2 Ne7 6. O-O Ng6 7. Ne1 h5 8. Bd3 Bxd3 9. Nxd3 Nh4 10. Nd2 Nf5 11. c3 Nd7 12. Re1 Be7 13. b4 a5 14. Nb3 axb4 15. cxb4 Nb6 16. Na5 Qc7 17. Nb3 Nc4 18. a4 b6 19. Re2 Kf8 20. Rea2 g5 21. a5 Kg7 22. h3 bxa5 23. bxa5 Qb8 24. Ndc5 Qb5 25. a6 Kg6 26. a7 Bxc5 27. Nxc5 h4 28. Qc2 Rh5 29. Rb1 Rxa7 30. Rxa7 1-0


[Site "https://www.chess.com"]

[Event "Titled Tuesday Blitz April 11 Late 2023"]
[White "Rustemov, Alexander"]
[Black "Nakamura, Hikaru"]
[WhiteFideId "4119002"]
[BlackFideId "2016192"]
[WhiteElo "2525"]
[BlackElo "2885"]
[Result "0-1"]
[Round "08"]
[TimeControl "180+2"]
[Date "2023.04.11"]
[WhiteClock "0:00:14"]
[BlackClock "0:01:41"]

1. d4 a5 2. e4 a4 3. Nf3 c6 4. c4 e6 5. Nc3 a3 6. Bd3 axb2 7. Bxb2 Ba3 8. Qc1 Bxb2 9. Qxb2 d6 10. O-O Ne7 11. a4 Ra5 12. Rfb1 Nd7 13. Nd2 O-O 14. Nb3 Ra7 15. a5 e5 16. d5 c5 17. g3 g6 18. Qd2 f5 19. f3 f4 20. g4 g5 21. Kf2 h5 22. h3 Kf7 23. Rg1 Rh8 24. Rg2 Ng6 25. Rag1 Nh4 26. Rh2 Nf6 27. Be2 Nxf3 28. Bxf3 hxg4 29. Rhg2 Rxh3 30. Bxg4 Rxc3 31. Be6+ Bxe6 32. dxe6+ Ke7 33. Ke1 Rxb3 34. Rxg5 Qxa5 35. Rg7+ Kxe6 0-1


[Site "https://www.chess.com"]

[Event "Titled Tuesday Blitz April 11 Late 2023"]
[White "Corrales Jimenez, Fidel"]
[Black "Naroditsky, Daniel"]
[WhiteFideId "3506690"]
[BlackFideId "2026961"]
[WhiteElo "2541"]
[BlackElo "2633"]
[Result "0-1"]
[Round "08"]
[TimeControl "180+2"]
[Date "2023.04.11"]
[WhiteClock "0:00:42"]
[BlackClock "0:00:26"]

1. e4 e5 2. Nf3 Nc6 3. Bb5 a6 4. Ba4 d6 5. c3 Bd7 6. h3 Nf6 7. Bc2 g6 8. O-O Bg7 9. Re1 O-O 10. a4 d5 11. exd5 Nxd5 12. d4 exd4 13. cxd4 Be6 14. Bg5 Qd7 15. Bb3 Rfe8 16. Nc3 h6 17. Bh4 g5 18. Bg3 Rad8 19. Ne4 b6 20. Rc1 f5 21. Nc3 f4 22. Rxe6 Qxe6 23. Nxd5 Rxd5 24. Ne5 Nxe5 25. Qe2 fxg3 26. dxe5 gxf2+ 27. Qxf2 Bxe5 28. Kh1 Kg7 29. Re1 Re7 30. h4 Rd2 31. Qxd2 Qxb3 32. hxg5 Qg3 33. gxh6+ Kh7 34. Qc2+ Kxh6 35. Qc6+ Bd6 36. Qc1+ Kg6 37. Qc2+ Kh6 38. Qc1+ Qg5 0-1


[Site "https://www.chess.com"]

[Event "Titled Tuesday Blitz April 11 Late 2023"]
[White "Sargsyan, Shant"]
[Black "Zakhartsov, Vladimir"]
[WhiteFideId "13306766"]
[BlackFideId "4145097"]
[WhiteElo "2628"]
[BlackElo "2497"]
[Result "1-0"]
[Round "08"]
[TimeControl "180+2"]
[Date "2023.04.11"]
[WhiteClock "0:01:52"]
[BlackClock "0:01:23"]

1. c4 e6 2. g3 d5 3. Bg2 dxc4 4. Qa4+ Bd7 5. Qxc4 Bc6 6. Nf3 Nf6 7. O-O Be7 8. Nc3 O-O 9. d4 a6 10. Qd3 b5 11. e4 b4 12. e5 bxc3 13. exf6 cxb2 14. fxe7 bxa1=Q 15. exd8=Q Rxd8 16. Bg5 Qxa2 17. Bxd8 Bb5 18. Qb1 Qd5 19. Ng5 Qxd8 20. Qxh7+ Kf8 21. Qh8+ Ke7 22. Qxd8+ Kxd8 23. Bxa8 Bxf1 24. Kxf1 c6 25. Nxf7+ Kc7 26. Ne5 a5 27. Ke2 a4 28. Kd2 Kb6 29. Kc3 1-0


[Site "https://www.chess.com"]

[Event "Titled Tuesday Blitz April 11 Late 2023"]
[White "Melkumyan, Hrant"]
[Black "Svane, Rasmus"]
[WhiteFideId "13302485"]
[BlackFideId "4657101"]
[WhiteElo "2604"]
[BlackElo "2597"]
[Result "1-0"]
[Round "08"]
[TimeControl "180+2"]
[Date "2023.04.11"]
[WhiteClock "0:00:46"]
[BlackClock "0:00:11"]

1. d4 Nf6 2. c4 e6 3. Bf4 d5 4. Nc3 Be7 5. e3 O-O 6. Rc1 c5 7. dxc5 Bxc5 8. cxd5 exd5 9. Nf3 Nc6 10. Be2 d4 11. exd4 Nxd4 12. O-O Nxe2+ 13. Qxe2 Bg4 14. Qc4 Rc8 15. Qb3 Bxf3 16. gxf3 Qd7 17. Bg3 b6 18. Rcd1 Qf5 19. Nd5 Rfd8 20. Nxf6+ Qxf6 21. Kg2 h6 22. Rfe1 Rxd1 23. Rxd1 Bd4 24. Rd2 a5 25. a4 Rc1 26. Qb5 Bc5 27. Qe8+ Kh7 28. Rd7 Qe6 29. Qxe6 fxe6 30. Be5 Bf8 31. Rf7 Kg8 32. Rb7 Rc4 33. Rxb6 Rxa4 34. Rxe6 Rb4 35. Ra6 Rb5 36. f4 Kf7 37. Kf3 g6 38. Rf6+ Ke8 39. Rxg6 Rb3+ 40. Ke4 a4 41. Re6+ Kf7 42. Rf6+ Kg8 43. Kf5 a3 44. bxa3 Rxa3 45. Rxf8+ 1-0


[Site "https://www.chess.com"]

[Event "Titled Tuesday Blitz April 11 Late 2023"]
[White "Hansen, Eric"]
[Black "Bortnyk, Mykola"]
[WhiteFideId "2606771"]
[BlackFideId "14120836"]
[WhiteElo "2561"]
[BlackElo "2582"]
[Result "1-0"]
[Round "08"]
[TimeControl "180+2"]
[Date "2023.04.11"]
[WhiteClock "0:00:05"]
[BlackClock "0:00:04"]

1. d4 g6 2. c4 Bg7 3. Nc3 c5 4. d5 Bxc3+ 5. bxc3 f5 6. h4 Nf6 7. h5 gxh5 8. Nh3 Qa5 9. Qc2 d6 10. Nf4 Nbd7 11. Ne6 Ne5 12. Ng7+ Kd8 13. Nxh5 Ne4 14. Rh3 f4 15. Qxe4 Bxh3 16. Bd2 Bd7 17. Nxf4 Rf8 18. e3 Kc7 19. Be2 Bf5 20. Ne6+ Bxe6 21. dxe6 Rf6 22. f4 Nc6 23. g4 h6 24. Bf3 Rc8 25. Ke2 Qa6 26. Kf2 Nd8 27. f5 Nxe6 28. Rb1 b6 29. Ke2 Nf8 30. Qxe7+ Nd7 31. Bd5 Rff8 32. Rh1 Rfe8 33. Qf7 Rh8 34. Qg7 Rcd8 35. g5 Kb8 36. Rxh6 Rhe8 37. Rxd6 Nf8 38. Rxd8+ Rxd8 39. Qe5+ Kc8 40. g6 Nd7 41. Qe6 Rh8 42. Qd6 Rh2+ 43. Qxh2 Nf6 44. Qd6 b5 45. Qxa6+ 1-0


[Site "https://www.chess.com"]

[Event "Titled Tuesday Blitz April 11 Late 2023"]
[White "Anton Guijarro, David"]
[Black "Durarbayli, Vasif"]
[WhiteFideId "2285525"]
[BlackFideId "13402935"]
[WhiteElo "2618"]
[BlackElo "2551"]
[Result "0-1"]
[Round "08"]
[TimeControl "180+2"]
[Date "2023.04.11"]
[WhiteClock "0:00:05"]
[BlackClock "0:00:16"]

1. d4 Nf6 2. Nf3 d5 3. e3 c5 4. Be2 Nc6 5. O-O cxd4 6. exd4 Bf5 7. Nh4 Bg6 8. c3 e6 9. Bf4 Bd6 10. Bxd6 Qxd6 11. Nd2 Rb8 12. a4 a6 13. a5 O-O 14. Nxg6 hxg6 15. g3 Qc7 16. Qa4 Ne8 17. Bd3 Nd6 18. Rfe1 Rfe8 19. Nb3 e5 20. dxe5 Rxe5 21. Bf1 Ne4 22. Nd4 Nc5 23. Qa2 Rxe1 24. Rxe1 Nxd4 25. cxd4 Ne6 26. Qxd5 Rd8 27. Qe5 Qd7 28. Bh3 Nxd4 29. Bxd7 Nf3+ 30. Kg2 Nxe5 31. Rxe5 Rxd7 32. Re8+ Kh7 33. Rb8 g5 34. b4 Kg6 35. Kf3 Kf5 36. h3 f6 37. Ke3 Ke5 38. f3 Rc7 39. Kd3 Kd5 40. h4 gxh4 41. gxh4 Ke5 42. Ke3 g6 43. Rg8 Kf5 44. Rb8 Rh7 45. Kf2 Kf4 46. Ke2 f5 47. Kf2 Rc7 48. Kg2 Rh7 49. Kf2 Rxh4 50. Rxb7 Rh2+ 51. Kg1 Rb2 52. Rb6 g5 53. Rxa6 Kg3 54. Kf1 Kxf3 55. Ke1 Rxb4 56. Rf6 f4 57. a6 Ra4 58. Kd2 g4 59. Kc3 g3 60. Kb3 Ra1 61. Rc6 g2 62. Rc3+ Kg4 63. Rc2 g1=Q 0-1


[Site "https://www.chess.com"]

[Event "Titled Tuesday Blitz April 11 Late 2023"]
[White "Grigoriants, Sergey"]
[Black "Grigorjev, Iljya"]
[WhiteFideId "4130804"]
[BlackFideId "24159565"]
[WhiteElo "2502"]
[BlackElo "2323"]
[Result "1-0"]
[Round "08"]
[TimeControl "180+2"]
[Date "2023.04.11"]
[WhiteClock "0:00:02"]
[BlackClock "0:00:02"]

1. d4 Nf6 2. c4 g6 3. f3 d5 4. cxd5 Nxd5 5. e4 Nb6 6. Nc3 Bg7 7. Be3 O-O 8. Qd2 Nc6 9. O-O-O f5 10. e5 f4 11. Bxf4 Nb4 12. Bh6 Be6 13. Bxg7 Kxg7 14. a3 a5 15. h4 Nc4 16. Bxc4 Bxc4 17. h5 Nd3+ 18. Kb1 Qxd4 19. hxg6 h5 20. Rxh5 Rh8 21. Nge2 Qb6 22. Rdh1 Qxg6 23. Rxh8 Rxh8 24. Rxh8 Kxh8 25. Nc1 Nxe5+ 26. Ne4 Be6 27. Qxa5 Nc6 28. Qc3+ Kg8 29. Qd2 Bf5 30. Qd5+ e6 31. Qd7 Qxg2 32. Qc8+ Kg7 33. Qxc7+ Kg6 34. Qf4 Nd4 35. Ka2 Qc2 36. Nc3 1-0


[Site "https://www.chess.com"]

[Event "Titled Tuesday Blitz April 11 Late 2023"]
[White "Gharibyan, Mamikon"]
[Black "Eljanov, Pavel"]
[WhiteFideId "13308300"]
[BlackFideId "14102951"]
[WhiteElo "2445"]
[BlackElo "2598"]
[Result "0-1"]
[Round "08"]
[TimeControl "180+2"]
[Date "2023.04.11"]
[WhiteClock "0:00:02"]
[BlackClock "0:00:35"]

1. d4 Nf6 2. c4 e6 3. Nf3 b6 4. g3 Bb7 5. Bg2 Bb4+ 6. Bd2 Be7 7. O-O O-O 8. Nc3 c6 9. Ne5 d6 10. Nd3 d5 11. Qb3 Nbd7 12. cxd5 cxd5 13. a4 Nb8 14. a5 Nc6 15. a6 Bc8 16. Qa4 Bd7 17. Bf4 b5 18. Nxb5 Nxd4 19. Qxd4 Bxb5 20. Rfc1 Bd6 21. Ne5 Qb8 22. Ra5 Nh5 23. Ng6 Nxf4 24. Nxf4 Bxf4 25. gxf4 Bxe2 26. f5 Qb6 0-1


[Site "https://www.chess.com"]

[Event "Titled Tuesday Blitz April 11 Late 2023"]
[White "Klukin, Kirill"]
[Black "Terry, Renato"]
[WhiteFideId "24199273"]
[BlackFideId "3803457"]
[WhiteElo "2344"]
[BlackElo "2575"]
[Result "0-1"]
[Round "08"]
[TimeControl "180+2"]
[Date "2023.04.11"]
[WhiteClock "0:00:52"]
[BlackClock "0:01:58"]

1. d4 e6 2. c4 Bb4+ 3. Nc3 c5 4. e3 Bxc3+ 5. bxc3 Qa5 6. Bd2 Nf6 7. Bd3 d6 8. Ne2 O-O 9. O-O e5 10. e4 Re8 11. d5 Nbd7 12. Qc2 Nb6 13. f4 Qa4 14. Qxa4 Nxa4 15. fxe5 dxe5 16. Nc1 Nb2 17. Re1 b6 18. Rb1 Nxd3 19. Nxd3 Ba6 20. Nb2 h6 21. Kf2 Re7 22. a4 Ne8 23. Ke3 Nd6 24. Kd3 f5 25. exf5 e4+ 26. Kc2 Nxc4 27. Bf4 Na3+ 28. Kd2 Nxb1+ 29. Rxb1 e3+ 30. Bxe3 Re4 31. Nd3 Rae8 32. Re1 Rxa4 0-1


[Site "https://www.chess.com"]

[Event "Titled Tuesday Blitz April 11 Late 2023"]
[White "Ibarra Jerez, Jose Carlos"]
[Black "Mammadov, Zaur"]
[WhiteFideId "2226332"]
[BlackFideId "13401033"]
[WhiteElo "2638"]
[BlackElo "2441"]
[Result "0-1"]
[Round "08"]
[TimeControl "180+2"]
[Date "2023.04.11"]
[WhiteClock "0:00:02"]
[BlackClock "0:00:26"]

1. e4 e6 2. d4 d5 3. Nc3 Nf6 4. Bg5 Be7 5. e5 Nfd7 6. Bxe7 Qxe7 7. Qg4 O-O 8. Bd3 f6 9. exf6 Nxf6 10. Qh4 g6 11. O-O-O c5 12. dxc5 Nc6 13. Nf3 Qxc5 14. Rhe1 a6 15. Ng5 Qd6 16. f4 b5 17. g3 b4 18. Na4 Ne7 19. b3 Bd7 20. Kb1 Nf5 21. Qh3 Rae8 22. Nb2 Bb5 23. Re5 Bxd3 24. Nxd3 Nd4 25. Rd2 a5 26. Nf2 Nb5 27. Nfe4 Qe7 28. Nxf6+ Qxf6 29. Nxe6 Nc3+ 30. Kb2 Rf7 31. Rd3 Rfe7 32. Rde3 Nd1+ 33. Kc1 Nxe3 34. Ng5 Nf5 35. Qg2 Rxe5 0-1


[Site "https://www.chess.com"]

[Event "Titled Tuesday Blitz April 11 Late 2023"]
[White "Andreikin, Dmitry"]
[Black "Mekhitarian, Krikor Sevag"]
[WhiteFideId "4158814"]
[BlackFideId "2107660"]
[WhiteElo "2736"]
[BlackElo "2604"]
[Result "1-0"]
[Round "08"]
[TimeControl "180+2"]
[Date "2023.04.11"]
[WhiteClock "0:00:41"]
[BlackClock "0:00:07"]

1. Nf3 d5 2. d4 Nf6 3. c4 e6 4. h3 c5 5. cxd5 exd5 6. Nc3 Nc6 7. e3 cxd4 8. Nxd4 Bc5 9. Bb5 Bd7 10. O-O Bxd4 11. exd4 O-O 12. Bg5 h6 13. Bh4 a6 14. Ba4 Re8 15. Rc1 Be6 16. Bxc6 bxc6 17. Na4 g5 18. Bg3 Ne4 19. Bh2 Bd7 20. f3 Nf6 21. Qd2 Nh5 22. Nc5 Bc8 23. Rfe1 Rxe1+ 24. Rxe1 Ng7 25. h4 Ne6 26. Nxe6 Bxe6 27. Re5 Qf6 28. hxg5 Qg6 29. gxh6 Kh7 30. Rg5 Qb1+ 31. Kf2 Rg8 32. Rxg8 Kxg8 33. Qg5+ Qg6 34. Qxg6+ fxg6 35. Bf4 Bf5 36. Ke3 Bb1 37. a3 Ba2 38. g4 Bb3 39. Bc7 Bd1 40. g5 Bc2 41. Kd2 Bb3 42. Kc3 Bd1 43. f4 Ba4 44. f5 gxf5 45. g6 1-0


[Site "https://www.chess.com"]

[Event "Titled Tuesday Blitz April 11 Late 2023"]
[White "Kushko, Dmitriy"]
[Black "Kramnik, Vladimir"]
[WhiteFideId "14162261"]
[BlackFideId "4101588"]
[WhiteElo "2230"]
[BlackElo "2712"]
[Result "0-1"]
[Round "08"]
[TimeControl "180+2"]
[Date "2023.04.11"]
[WhiteClock "0:00:15"]
[BlackClock "0:01:28"]

1. g3 d5 2. Nf3 g6 3. Bg2 Bg7 4. d4 Nh6 5. O-O Nf5 6. c3 O-O 7. Nbd2 Nd6 8. Re1 f5 9. Nb3 Nd7 10. Bf4 Nf6 11. Nc5 h6 12. h4 Kh7 13. Ne5 Nde4 14. Ncd3 g5 15. hxg5 hxg5 16. Bc1 Qe8 17. f3 Nxg3 18. Bxg5 Qh5 19. Qd2 Nfe4 20. fxe4 fxe4 21. Nf2 Bxe5 22. dxe5 Rg8 23. Bf4 Qg6 24. Nd1 Nf1 0-1


[Site "https://www.chess.com"]

[Event "Titled Tuesday Blitz April 11 Late 2023"]
[White "Riehle, Marco"]
[Black "Alekseenko, Kirill"]
[WhiteFideId "12904392"]
[BlackFideId "4135539"]
[WhiteElo "2462"]
[BlackElo "2683"]
[Result "1-0"]
[Round "08"]
[TimeControl "180+2"]
[Date "2023.04.11"]
[WhiteClock "0:01:08"]
[BlackClock "0:00:39"]

1. e4 c5 2. a3 g6 3. h4 h5 4. Nc3 Bg7 5. Bc4 e6 6. d3 d6 7. Bg5 Bf6 8. Nf3 Nc6 9. Qd2 a6 10. O-O b5 11. Bb3 Kf8 12. Ne2 Kg7 13. d4 c4 14. Ba2 Nh6 15. c3 e5 16. b3 cxb3 17. Bxb3 Bg4 18. Bd5 Rc8 19. a4 b4 20. cxb4 Bxf3 21. gxf3 Nxd4 22. Nxd4 exd4 23. b5 a5 24. Rab1 Rc3 25. Kg2 Qe7 26. Rfd1 Qe5 27. Bxf6+ Kxf6 28. f4 1-0


[Site "https://www.chess.com"]

[Event "Titled Tuesday Blitz April 11 Late 2023"]
[White "Martinez Alcantara, Jose Eduardo"]
[Black "Yuan, Qingyu"]
[WhiteFideId "3805662"]
[BlackFideId "8609772"]
[WhiteElo "2711"]
[BlackElo "2359"]
[Result "1-0"]
[Round "08"]
[TimeControl "180+2"]
[Date "2023.04.11"]
[WhiteClock "0:01:58"]
[BlackClock "0:00:07"]

1. e4 e5 2. Nf3 Nc6 3. Bb5 Nf6 4. Nc3 Nd4 5. Bd3 Nxf3+ 6. Qxf3 d6 7. h3 g6 8. Bc4 Bg7 9. d3 Be6 10. h4 Bg4 11. Qg3 Qd7 12. f3 Be6 13. h5 O-O-O 14. h6 Bf8 15. Bg5 Be7 16. Qh4 Ng8 17. O-O-O Bxg5+ 18. Qxg5 Kb8 19. Bxe6 fxe6 20. f4 Qe7 21. Rdf1 Rf8 22. Qxe7 Nxe7 23. fxe5 dxe5 24. Nd1 Nc6 25. Ne3 Kc8 26. Kd2 Kd8 27. Ng4 Ke7 28. Nh2 a5 29. c3 Rxf1 30. Rxf1 Rf8 31. Nf3 Rf4 32. Ke3 Rg4 33. Kf2 Kf6 34. Rh1 g5 35. g3 Kg6 36. Nh2 Kh5 37. Kf3 Rf4+ 38. gxf4 exf4 39. Ng4+ Kg6 40. d4 a4 41. Ne5+ 1-0


[Site "https://www.chess.com"]

[Event "Titled Tuesday Blitz April 11 Late 2023"]
[White "Kollars, Dmitrij"]
[Black "Martinez Ramirez, Lennis"]
[WhiteFideId "12909572"]
[BlackFideId "3509079"]
[WhiteElo "2584"]
[BlackElo "2410"]
[Result "1-0"]
[Round "08"]
[TimeControl "180+2"]
[Date "2023.04.11"]
[WhiteClock "0:00:20"]
[BlackClock "0:00:21"]

1. e4 c5 2. Nf3 a6 3. c3 e6 4. d4 d5 5. e5 Bd7 6. Bd3 Bb5 7. Bxb5+ axb5 8. O-O Nc6 9. Be3 c4 10. Nbd2 b4 11. Qc2 bxc3 12. bxc3 Ba3 13. Nb1 Nge7 14. Nxa3 Rxa3 15. Rfb1 Qa5 16. Rxb7 Qxc3 17. Qb1 O-O 18. h4 Nf5 19. Bc1 Ra6 20. Bd2 Qa3 21. Bc1 Qa5 22. Be3 Nxe3 23. fxe3 Qc3 24. Qe1 Qxe1+ 25. Nxe1 Rfa8 26. a3 h6 27. Nc2 R8a7 28. Rab1 h5 29. Kf2 Ne7 30. Rb8+ Kh7 31. g3 Nf5 32. R1b7 Kg6 33. Rxa7 Rxa7 34. Kf3 Nh6 35. Kf4 Ng4 36. e4 Nf2 37. exd5 exd5 38. Rb6+ Kh7 39. Rb5 Rd7 40. Nb4 Ra7 41. Nc2 Nd3+ 42. Ke3 Rd7 43. a4 f6 44. exf6 gxf6 45. a5 Re7+ 46. Kd2 Rd7 47. Ne3 Nf2 48. Nxd5 Ne4+ 49. Kc2 Ra7 50. Nb4 Nxg3 51. a6 Kg6 52. Rb7 Ra8 53. a7 Nf5 54. Nc6 Nd6 55. Rb8 Rxa7 56. Nxa7 Nf5 57. d5 Ne3+ 58. Kc3 Nxd5+ 59. Kxc4 Ne3+ 60. Kd3 Nf5 61. Rb4 Ng3 62. Ke3 Kf5 63. Kf3 Nf1 64. Rb5+ Ke6 65. Rxh5 Nd2+ 66. Ke3 Nc4+ 67. Kf4 Ne5 68. Rxe5+ fxe5+ 69. Kf3 Kf6 70. Nc6 Kf5 71. Nb4 e4+ 72. Kg3 e3 73. Nc2 e2 74. Ne1 Kg6 75. Kg4 Kh6 76. Ng2 Kg6 77. Kf3 Kh5 78. Kxe2 Kg4 79. Kf2 Kh5 80. Kg3 Kg6 81. Kg4 Kh6 82. h5 Kg7 83. Kg5 Kf7 84. Nf4 Kg8 85. h6 Kh7 86. Kh5 Kh8 87. Kg6 Kg8 88. Nd5 Kh8 89. Ne3 Kg8 90. Nf5 Kh8 91. Nd6 Kg8 92. h7+ Kh8 93. Nf7# 1-0


[Site "https://www.chess.com"]

[Event "Titled Tuesday Blitz April 11 Late 2023"]
[White "Makarian, Rudik"]
[Black "Rozman, Levy"]
[WhiteFideId "44105681"]
[BlackFideId "2039877"]
[WhiteElo "2430"]
[BlackElo "2376"]
[Result "1-0"]
[Round "08"]
[TimeControl "180+2"]
[Date "2023.04.11"]
[WhiteClock "0:00:03"]
[BlackClock "0:00:02"]

1. d4 d5 2. c4 dxc4 3. Nf3 Nf6 4. e3 Bg4 5. Bxc4 e6 6. O-O Nc6 7. Be2 Bd6 8. Nbd2 O-O 9. Nc4 Re8 10. h3 Bh5 11. b3 Nd5 12. Bb2 f5 13. Rc1 Qe7 14. a3 a6 15. b4 Rad8 16. Rc2 Rf8 17. Nfd2 Bxe2 18. Qxe2 Qh4 19. Nf3 Qh5 20. Rfc1 Rf6 21. Nfe5 Qxe2 22. Rxe2 Bxe5 23. dxe5 Rf7 24. Rd2 Rfd7 25. Rcd1 Nb6 26. Rxd7 Rxd7 27. Rxd7 Nxd7 28. f4 Kf7 29. Kf2 g6 30. e4 b6 31. g4 fxe4 32. Ke3 a5 33. bxa5 b5 34. Nd2 Nxa5 35. Bc3 Nb7 36. Nxe4 h6 37. h4 Nb6 38. Kf3 c5 39. h5 gxh5 40. gxh5 Nc4 41. f5 exf5 42. Ng3 Nxa3 43. Nxf5 b4 44. Nxh6+ Ke6 45. Bb2 Nc4 46. Ba1 Nxe5+ 47. Ke4 Nf7 48. Nxf7 Kxf7 49. Kf5 Na5 50. h6 Nc6 51. h7 Ne7+ 52. Kg5 Ng6 53. Be5 b3 54. Bb2 c4 55. Kh6 1-0


[Site "https://www.chess.com"]

[Event "Titled Tuesday Blitz April 11 Late 2023"]
[White "Kosteniuk, Alexandra"]
[Black "Vakhlamov, Igor L."]
[WhiteFideId "4128125"]
[BlackFideId "24126748"]
[WhiteElo "2453"]
[BlackElo "2400"]
[Result "0-1"]
[Round "08"]
[TimeControl "180+2"]
[Date "2023.04.11"]
[WhiteClock "0:00:53"]
[BlackClock "0:01:24"]

1. e4 c5 2. c3 g6 3. Nf3 Bg7 4. d4 cxd4 5. cxd4 d5 6. e5 Bg4 7. Nc3 Nc6 8. Bb5 Nh6 9. h3 Bxf3 10. Qxf3 O-O 11. Bxc6 bxc6 12. O-O Nf5 13. Qd3 f6 14. g4 Nh6 15. exf6 exf6 16. Na4 Re8 17. Be3 f5 18. Qd2 Qh4 19. Kg2 fxg4 20. Rh1 Nf5 21. Rag1 Rxe3 22. fxe3 Qg3+ 23. Kf1 Qf3+ 24. Ke1 Re8 25. Rf1 Rxe3+ 0-1


[Site "https://www.chess.com"]

[Event "Titled Tuesday Blitz April 11 Late 2023"]
[White "Korchmar, Vasiliy"]
[Black "Holt, Conrad"]
[WhiteFideId "24131750"]
[BlackFideId "2034387"]
[WhiteElo "2370"]
[BlackElo "2592"]
[Result "1-0"]
[Round "08"]
[TimeControl "180+2"]
[Date "2023.04.11"]
[WhiteClock "0:00:06"]
[BlackClock "0:00:10"]

1. e4 e6 2. d4 d5 3. e5 c5 4. c3 Nc6 5. Nf3 Bd7 6. Be2 f6 7. O-O fxe5 8. dxe5 Nh6 9. c4 dxc4 10. Na3 Nf7 11. Nxc4 Be7 12. Be3 Qc7 13. Rc1 O-O 14. Nd6 Ncxe5 15. Nxf7 Nxf7 16. Bxc5 Bxc5 17. b4 Bxf2+ 18. Rxf2 Qd8 19. Bc4 Rc8 20. Kh1 Qe7 21. Qe1 Nd6 22. Bb3 Rxc1 23. Qxc1 Bc6 24. Qc5 Bxf3 25. Rxf3 Rxf3 26. gxf3 b6 27. Qe5 Ne8 28. Bxe6+ Kf8 29. a3 Qd6 30. Qf5+ Nf6 31. Bc4 Qd1+ 32. Kg2 Qd2+ 33. Kg3 Qd6+ 34. Kg2 Ke7 35. Qc2 Qf4 36. Qe2+ Kd8 37. Qd3+ Kc7 38. Bb5 Qg5+ 39. Kf2 Qe5 40. Kg2 Nd5 41. Qc2+ Kb8 42. Qxh7 Nf4+ 43. Kf2 Qxb5 44. Qg8+ Kb7 45. Qf7+ Ka6 46. Qxf4 Qd3 47. Qe3 Qd6 48. Kg2 Kb5 49. f4 Ka4 50. h4 Qg6+ 51. Kh3 a5 52. bxa5 bxa5 53. Qf3 Qf5+ 54. Kg3 Qg6+ 55. Kh3 Qd6 56. h5 Qxa3 57. Qxa3+ Kxa3 58. f5 Kb3 59. f6 gxf6 60. h6 a4 61. h7 a3 62. h8=Q a2 63. Qxf6 Kc2 64. Qa1 Kb3 65. Kg2 Kc2 66. Kg3 Kb3 67. Kf2 Ka3 68. Ke2 Kb3 69. Kd2 1-0


[Site "https://www.chess.com"]

[Event "Titled Tuesday Blitz April 11 Late 2023"]
[White "Manelyuk, Daniil"]
[Black "Kovalev, Vladislav"]
[WhiteFideId "44173920"]
[BlackFideId "13504398"]
[WhiteElo "2259"]
[BlackElo "2555"]
[Result "0-1"]
[Round "08"]
[TimeControl "180+2"]
[Date "2023.04.11"]
[WhiteClock "0:00:18"]
[BlackClock "0:00:19"]

1. e4 e5 2. Nf3 Nc6 3. Bb5 a6 4. Ba4 Nf6 5. O-O Be7 6. Re1 b5 7. Bb3 d6 8. c3 O-O 9. h3 Nb8 10. d4 Nbd7 11. d5 Nc5 12. Bc2 Bb7 13. Bg5 a5 14. b4 Ncd7 15. bxa5 Nxd5 16. exd5 Bxg5 17. Qd3 f5 18. Nxg5 Qxg5 19. Qxb5 Nc5 20. Na3 Rfb8 21. Qf1 Bxd5 22. Nc4 f4 23. f3 Qf6 24. Rab1 Qf7 25. Rxb8+ Rxb8 26. Nxe5 dxe5 27. Rxe5 Nd7 28. Rf5 Qe6 29. Qd3 Nf6 30. Qd4 Qe3+ 31. Qxe3 fxe3 32. Re5 Ra8 33. Bb3 c6 34. c4 Bf7 35. Kf1 Kf8 36. Ke2 Nd7 37. Rg5 h6 38. Rg4 Rxa5 39. Rf4 Nc5 40. Kxe3 Ke7 41. Rd4 Be6 42. Kd2 Nxb3+ 43. axb3 Ra2+ 44. Ke3 Rxg2 45. h4 Rb2 46. Rd3 c5 47. Rc3 Kd6 48. f4 Bf5 49. Kf3 h5 50. Kg3 g6 51. Re3 Bc2 52. Re5 Rxb3+ 53. Kf2 Bf5 54. Rd5+ Kc6 55. Re5 Rc3 56. Ke2 Rxc4 57. Re8 Re4+ 58. Rxe4 Bxe4 59. Ke3 Bf5 60. Kd2 Kd5 61. Kc3 Ke4 62. Kb2 Kxf4 63. Kc1 Kg4 64. Kd2 Kxh4 65. Kc3 Kg4 66. Kb2 h4 67. Kc1 h3 68. Kd2 h2 69. Kc3 h1=Q 70. Kb2 Qf3 71. Kc1 Kf4 72. Kd2 g5 0-1


[Site "https://www.chess.com"]